 Dungeon Crawl Stone Soup version 0.30-a0-297-g0ec75d9ef4 (webtiles) character file.

Game seed: 10772627171320984320

1461 bande the Chopper (level 8, -3/50 HPs)
             Began as a Gargoyle Fighter on Oct 19, 2022.
             Was a Follower of Okawaru.
             Slain by a wyvern zombie (10 damage)
             ... on level 6 of the Dungeon.
             The game lasted 00:07:31 (4069 turns).

bande the Chopper (Gargoyle Fighter)                Turns: 4069, Time: 00:07:32

Health: -3/50      AC: 17    Str: 21    XL:     8   Next: 77%
Magic:  9/9        EV:  7    Int:  8    God:    Okawaru [*.....]
Gold:   259        SH:  0    Dex: 11    Spells: 7/7 levels left

rFire   . . .      SeeInvis .    e - +1 war axe (flame)
rCold   . . .      Faith    .    c - +0 buckler
rNeg    + . .      Spirit   .    l - +0 chain mail
rPois   ∞          Reflect  .    (no helmet)
rElec   +          Harm     .    s - +1 cloak
rCorr   .          Rampage  .    (no gloves)
Will    .....                    (no boots)
Stlth   ..........               (no amulet)
HPRegen 0.28/turn                (no ring)
MPRegen 0.11/turn                (no ring)

@: confused
A: sickness immunity, AC +5, negative energy resistance 1, electricity
resistance, torment resistance 1, petrification resistance
a: Renounce Religion, Heroism


You were on level 6 of the Dungeon.
You worshipped Okawaru.
Okawaru was aware of your devotion.
You visited 1 branch of the dungeon, and saw 6 of its levels.

You collected 259 gold pieces.

Inventory:

Hand Weapons
 a - a +0 war axe
 e - a +1 war axe of flaming (weapon)
 j - a +4 war axe
Armour
 c - a +0 buckler (worn)
 l - a +0 chain mail (worn)
 s - a +1 cloak (worn)
Wands
 m - a wand of polymorph (9)
 r - a wand of digging (9)
Scrolls
 g - a scroll of teleportation
 h - a scroll of enchant armour
 k - a scroll of poison
 o - 3 scrolls of identify {unknown}
Potions
 b - a potion of magic {unknown}
 d - a potion of might
 f - 2 potions of mutation {unknown}
 i - a potion of haste {unknown}
 n - a potion of brilliance {unknown}
 p - 6 potions of curing {unknown}
 q - a potion of lignification {unknown}
 t - a potion of resistance {unknown}


   Skills:
 + Level 5.5 Fighting
 + Level 7.1 Axes
 + Level 5.4 Armour
 - Level 0.2 Stealth
 + Level 4.7 Shields
 * Level 2.3 Invocations
 * Level 2.0 Evocations


You had 7 spell levels left.
You didn't know any spells.
Your spell library was empty.

Dungeon Overview and Level Annotations

Branches:
Dungeon (6/15)
 Temple: D:4-7

Altars:
Dithmenos
Gozag
Nemelex Xobeh
Okawaru
Qazlal
Yredelemnul
The Shining One

Shops:
D:3 (


Innate Abilities, Weirdness & Mutations

You are immune to sickness and miasma.
Your stone body is resilient. (AC +5)
You are immune to poison.
You resist negative energy. (rN+)
You are resistant to electric shocks. (rElec)
You are resistant to unholy torment.
You are immune to petrification.


Message History

The orc wizard flickers and vanishes!
Items here: ! ) ? [ †.
o - 3 scrolls labelled KAYMAGGEAR (gained 1)
p - 6 amethyst potions (gained 1)
The wyvern zombie barely misses you. The wyvern zombie closely misses you.
The wyvern zombie bites you. The shadow imp gestures at you.
Pain shoots through your body! The wyvern zombie barely misses you.
There is a stone staircase leading up here.
You hit the wyvern zombie but do no damage.
The wyvern zombie is moderately damaged.
The wyvern zombie bites you. x2
You hit the wyvern zombie but do no damage.
The wyvern zombie is moderately damaged.
An orc comes into view. It is wielding a +0 war axe.
The dart slug launches a dart at you. The slug dart misses you.
The orc wizard casts a spell at you.
You are confused.
The wyvern zombie bites you.
The orc shouts!
You hear a shout!
The wyvern zombie bites you but does no damage.
The dart slug launches a dart at you.
The slug dart hits you but does no damage.
A puff of flame appears from out of thin air!
The puff of flame hits something!
In your confused state, you trip and fall back down the stairs.
The wyvern zombie bites you!
A magic dart appears from out of thin air!
The magic dart hits you.
The orc wizard is engulfed in a cloud of scalding steam.
The shadow imp is engulfed in a cloud of scalding steam.
The wyvern zombie bites you!
* * * LOW HITPOINT WARNING * * *
The wyvern zombie bites you but does no damage.
In your confused state, you trip and fall back down the stairs.
* * * LOW HITPOINT WARNING * * *
The wyvern zombie bites you!
You die...

...###~o#~.....
#..~≈≈≈≈≈ow..#
.#o≈≈~~~≈≈5o{.....#.....
.~≈≈≈~.=.#≈{≈Z....#.....
.≈≈≈~.~.(≈≈≈o#..........
≈~≈≈#≈~!#≈≈≈≈#~.........
~~~~≈≈~~[~≈≈≈≈≈~~.....#..
#.~≈≈~≈≈≈Zl8~~~~≈≈~......#.
##..o≈~~~~.@.~#≈~~≈......##.
#..~≈#≈~~~..8≈≈~#~≈~........
#..~w≈≈~#~≈.~≈≈~≈≈~~........
##..~≈≈≈≈~..#≈≈≈≈~~.........
.....≈≈#≈~...~~≈≈÷..†......>
#....~≈≈≈≈?.~≈≈≈≈~..........
..#≈~≈~#~~≈≈~~.......#<..
##.~#~≈≈~~...#....##...
......##≈~.~~.......#..###.


You could see an iguana, 2 orc wizards, a shadow imp, 2 dart slugs, 3 orcs, a
wyvern zombie and a centaur skeleton.

Vanquished Creatures
  An ogre (D:4)
  6 phantoms
  A bullfrog (D:5)
  3 scorpions
  A water moccasin zombie (D:6)
  3 wights (D:4)
  2 electric eels (D:6)
  A bullfrog zombie (D:6)
  2 hounds
  2 jellies (D:4)
  An orc priest (D:5)
  An iguana (D:5)
  9 adders
  3 gnolls (D:4)
  A shadow imp (D:5)
  A white imp (D:4)
  An ufetubus (D:4)
  2 worms
  8 dart slugs
  4 orcs
  4 ball pythons
  6 bats
  7 endoplasms
  8 giant cockroaches
  6 goblins
  4 hobgoblins
  4 quokkas
  2 frilled lizards
  12 kobolds
  2 rats
108 creatures vanquished.

Vanquished Creatures (others)
  A dart slug (D:6)
  8 fungi (D:5)
  6 plants (D:6)
  A withered plant (D:6)
16 creatures vanquished.

Grand Total: 124 creatures vanquished

Notes
Turn   | Place    | Note
-------+----------+-------------------------------------------
     0 | D:1      | bande the Gargoyle Fighter began the quest for the Orb.
     0 | D:1      | Reached XP level 1. HP: 14/14 MP: 1/1
    57 | D:1      | Reached XP level 2. HP: 19/19 MP: 2/2
   130 | D:1      | Reached skill level 2 in Axes
   445 | D:1      | Reached XP level 3. HP: 23/23 MP: 3/3
   846 | D:2      | Found a faded altar of an unknown god.
   922 | D:2      | Found a shadowy altar of Dithmenos.
  1177 | D:2      | Reached XP level 4. HP: 29/29 MP: 4/4
  1484 | D:2      | Reached skill level 3 in Axes
  1689 | D:3      | Found Yzosa's Weapon Shoppe.
  1927 | D:3      | Identified the +1 short sword "Nodexzex" {freeze, rCorr
                  | Int+2 Dex+7}
  2219 | D:4      | Identified a scroll of acquirement
  2219 | D:4      | Acquired a +1 war axe of flaming
  2288 | D:4      | Reached XP level 5. HP: 31/33 MP: 5/5
  2378 | D:4      | Reached skill level 4 in Axes
  2378 | D:4      | Reached XP level 6. HP: 32/38 MP: 6/6
  2467 | D:4      | Reached skill level 5 in Axes
  2467 | D:4      | Reached XP level 7. HP: 34/44 MP: 7/7
  3096 | D:5      | Entered Level 5 of the Dungeon
  3173 | D:5      | Reached skill level 6 in Axes
  3251 | D:5      | Identified the +5 ring mail of Caelemar {Harm rC+ Dex+7}
  3329 | D:5      | Found a sparkling altar of Nemelex Xobeh.
  3329 | D:5      | Found an iron altar of Okawaru.
  3330 | D:5      | Found a stormy altar of Qazlal.
  3343 | D:5      | Found a basalt altar of Yredelemnul.
  3358 | D:5      | Found a glowing golden altar of the Shining One.
  3399 | D:5      | Became a worshipper of Warmaster Okawaru
  3425 | D:5      | Reached skill level 5 in Fighting
  3425 | D:5      | Reached skill level 5 in Armour
  3425 | D:5      | Reached XP level 8. HP: 42/49 MP: 8/8
  3642 | D:5      | Found an opulent altar of Gozag.
  3816 | D:6      | Reached skill level 1 in Invocations
  3816 | D:6      | Reached skill level 1 in Evocations
  4041 | D:5      | Reached * piety under Okawaru
  4042 | D:5      | Reached skill level 7 in Axes
  4069 | D:6      | Slain by a wyvern zombie

Illustrated notes

Levels and vault maps discovered:
D:1:      minmay_arrival_jagged, layout_basic, corexii_hall_statues_l,
          minmay_misc_feat_square
D:2:      layout_basic, hellmonk_ecumenical_altar_zigzags, basic_altar
D:3:      layout_basic, serial_shops, nicolae_shop_bloodbath_and_beyond,
          grunt_ministairs_11
D:4:      layout_loops_ring, grunt_ministairs_12, minmay_quadrilaterals
D:5:      layout_gridville, general_overflow_altar,
          mainiacjoe_overflow_cross_hatched, nicolae_overflow_quartered_altars
D:6:      kennysheep_slugbush, layout_cave_pools, kennysheep_orc_sif_temple,
          serial_shops, nicolae_shop_overgrown_old_shop, shop, serial_undead,
          serial_undead_f, serial_undead_d, serial_undead_b, serial_undead_f,
          serial_undead_e, minmay_misc_feat_more_columns, roderic_roman_lattice

Skill      XL: |  1  2  3  4  5  6  7  8 |
---------------+-------------------------+-----
Axes           | 2 3 4 5 6 7 |  7.1
Fighting       | 4 5 |  5.5
Armour         | 4 5 |  5.4
Shields        | 4 |  4.7
Invocations    | 2 |  2.3
Evocations     | 2 |  2.0
Stealth        | |  0.2

Action                   |  1- 3 |  4- 6 |  7- 9 || total
-------------------------+-------+-------+-------++-------
Melee: War axe           |   113 |   116 |   125 ||   354
  Use: Scroll            |       |     8 |     1 ||     9
Armor: Scale mail        |    53 |       |       ||    53
       Chain mail        |    23 |    78 |   100 ||   201
Dodge: Dodged            |    57 |    39 |    48 ||   144
Block: Buckler           |    30 |    28 |    27 ||    85

Table legend: (Time is in decaauts)
 A = Elapsed time spent in this place.
 B = Non-inter-level travel time spent in this place.
 C = Inter-level travel time spent in this place.
 D = Time resting spent in this place.
 E = Time spent auto-exploring this place.
 F = Levels seen in this place.
 G = Mean time per level.
                   A        B        C        D        E       F      G
               +--------+--------+--------+--------+--------+-----+--------+
         Total |   4201 |   4073 |    128 |     82 |   3007 |   6 |  700.2 |
       Dungeon |   4201 |   4073 |    128 |     82 |   3007 |   6 |  700.2 |
               +--------+--------+--------+--------+--------+-----+--------+

Top non-repeatable levels by time:
     D:4: 977 daAuts
     D:1: 871 daAuts
     D:5: 847 daAuts
     D:2: 791 daAuts
     D:3: 557 daAuts
     D:6: 156 daAuts
